 Dungeon Crawl Stone Soup version 0.27-a0-512-g57cc695410 (webtiles) character file.

Game seed: 5680699814503556689

280 Esekla the Covert (level 6, -3/32 HPs)
             Began as a Spriggan Delver on Mar 3, 2021.
             Was a Believer of Lugonu.
             Killed from afar by a white imp (8 damage)
             ... with a puff of frost
             ... on level 4 of the Dungeon.
             The game lasted 00:25:19 (4737 turns).

Esekla the Covert (Spriggan Delver)                 Turns: 4737, Time: 00:25:20

Health: -3/32      AC:  5    Str:  8    XL:     6   Next: 5%
Magic:  10/10      EV: 19    Int: 14    God:    Lugonu [**....]
Gold:   144        SH:  0    Dex: 16    Spells: 9/9 levels left

rFire    . . .     SeeInvis +   a - +0 dagger
rCold    . . .     Faith    .   (shield restricted)
rNeg     . . .     Spirit   .   b - +0 robe
rPois    .         Reflect  .   (helmet restricted)
rElec    .         Harm     .   v - +2 cloak
rCorr    .         Rampage  .   (gloves unavailable)
Will     +....                  (boots unavailable)
Stlth    ++++......             (no amulet)
HPRegen  0.10/turn              (no ring)
MPRegen  0.12/turn              (no ring)

@: about to teleport, very quick
A: very small, unfitting armour, see invisible, speed 3
a: Renounce Religion, Depart the Abyss, Bend Space


You were on level 4 of the Dungeon.
You worshipped Lugonu.
Lugonu was pleased with you.
You visited 2 branches of the dungeon, and saw 6 of its levels.

You collected 144 gold pieces.

Inventory:

Hand Weapons
 a - a +0 dagger (weapon)
 r - a +0 spear of venom
Missiles
 p - a boomerang (quivered)
Armour
 b - a +0 robe (worn)
 i - a +2 buckler
 v - a +2 cloak (worn)
Wands
 g - a wand of digging (3)
Scrolls
 c - a scroll of fog
 d - a scroll of magic mapping
 e - 2 scrolls of fear
 j - a scroll of teleportation
 n - 2 scrolls of amnesia
 q - a scroll of enchant weapon {unknown}
 s - 2 scrolls of enchant armour {unknown}
 t - a scroll of identify {unknown}
 x - a scroll of noise {unknown}
Potions
 f - 2 potions of haste
 h - a potion of resistance {unknown}
 k - 3 potions of heal wounds {unknown}
 l - a potion of invisibility {unknown}
 m - a potion of lignification {unknown}
 o - a potion of brilliance {unknown}
 u - 2 potions of degeneration {unknown}
 w - a potion of attraction {unknown}


   Skills:
 - Level 2.4 Fighting
 * Level 3.7 Short Blades
 + Level 0.9 Throwing
 * Level 4.0 Dodging
 + Level 9.0 Stealth
 * Level 1.1 Shields
 * Level 2.3 Spellcasting
 * Level 1.0 Invocations


You had 9 spell levels left.
You didn't know any spells.
Your spell library was empty.

Dungeon Overview and Level Annotations

Branches:
Dungeon (5/15)             Temple (1/1) D:4

Altars:
Cheibriados
Dithmenos
Gozag
Hepliaklqana
Nemelex Xobeh
Sif Muna
Trog
Wu Jian
The Shining One
Lugonu

Shops:
D:5 (


Innate Abilities, Weirdness & Mutations

You are very small and have problems with some larger weapons.
You are too small for most types of armour.
You have supernaturally acute eyesight. (SInv)
You cover ground extremely quickly.


Message History

The white imp gestures at you. The puff of frost misses you.
You hit the white imp but do no damage. The white imp misses you.
You closely miss the white imp. The white imp completely misses you.
You hit the white imp.
The white imp is lightly wounded.
You barely miss the white imp.
The white imp is lightly wounded.
The white imp hits you. The white imp freezes you.
You hit the white imp but do no damage.
The white imp is lightly wounded.
The white imp gestures at you. The puff of frost hits you!
You completely miss the white imp.
The white imp is lightly wounded.
The white imp misses you.
You barely miss the white imp.
The white imp is lightly wounded.
The white imp gestures at you. The puff of frost hits you!
You hit the white imp but do no damage.
The white imp is lightly wounded.
The white imp hits you.
* * * LOW HITPOINT WARNING * * *
The white imp freezes you.
* * * LOW HITPOINT WARNING * * *
You closely miss the white imp.
The white imp is lightly wounded.
Okay, then.
As you read the scroll labelled QOMIHY QYVU, it crumbles to dust.
It is a scroll of amnesia.
You feel forgetful for a moment. The white imp barely misses you.
As you read the scroll labelled KEMAUF ELAEFE, it crumbles to dust.
You feel strangely unstable.
It was a scroll of teleportation.
The white imp closely misses you.
You closely miss the white imp.
The white imp is lightly wounded.
The white imp gestures at you. The puff of frost hits you!
You die...

##...## ....# .#####
#..#..# # #. ##h....
#.###.# .#. #..####
#..#.)# ##.#. #..#
#....###.....## #..#
#.###.†..# #..# #..#
##.# #....# #..# ##
##.#.##....###.5#####..
#.
#.###..........@.......
##.
##>#.###..#####.######.
##.. ##.## #..#####.#
##.#. ### #........#
##(#.# ##########
##.#.## ##.#.##.
##.#.##.# ##.#.##.#.
##.#.##.#.#


You could see a white imp.

Vanquished Creatures
  A howler monkey (D:4)
  A worker ant (D:3)
  6 gnolls
  6 adders
  A howler monkey skeleton (D:4)
  2 oozes
  2 worms
  A dart slug (D:1)
  2 leopard geckos
  3 orcs
  A giant cockroach (D:2)
  4 goblins
  5 hobgoblins
  18 jackals
  4 kobolds
  A quokka (D:2)
  11 bats
  3 frilled lizards
  A leopard gecko skeleton (D:4)
  6 rats (D:1)
79 creatures vanquished.

Vanquished Creatures (others)
  4 plants (D:4)
4 creatures vanquished.

Grand Total: 83 creatures vanquished

Notes
Turn   | Place    | Note
-------+----------+-------------------------------------------
     0 | D:5      | Esekla the Spriggan Delver began the quest for the Orb.
     0 | D:5      | Reached XP level 1. HP: 11/11 MP: 2/2
   131 | D:5      | Noticed an orc priest
   308 | D:5      | Found Zeubbeze's Weapon Boutique.
   317 | D:5      | Noticed an ice beast
   502 | D:4      | Reached XP level 2. HP: 16/16 MP: 3/3
   550 | D:4      | Noticed a howler monkey
   559 | D:4      | Killed a howler monkey
   560 | D:4      | Reached skill level 8 in Stealth
   560 | D:4      | Reached skill level 1 in Spellcasting
   560 | D:4      | Reached XP level 3. HP: 19/19 MP: 5/5
   591 | D:4      | Found a staircase to the Ecumenical Temple.
   626 | D:4      | Reached XP level 4. HP: 22/23 MP: 7/7
   828 | Temple   | Entered the Ecumenical Temple
   866 | Temple   | Became a worshipper of Lugonu the Unformed
   866 | Temple   | Reached * piety under Lugonu
  1265 | D:2      | Found a snail-covered altar of Cheibriados.
  2323 | D:1      | Reached ** piety under Lugonu
  2738 | D:3      | Reached XP level 5. HP: 27/27 MP: 8/8
  3517 | D:2      | Reached skill level 1 in Shields
  4458 | D:3      | Reached skill level 9 in Stealth
  4509 | D:4      | Reached skill level 1 in Invocations
  4628 | D:4      | Reached XP level 6. HP: 27/32 MP: 10/10
  4737 | D:4      | Killed from afar by a white imp

Illustrated notes

Levels and vault maps discovered:
D:1:      eino_arrival_water_cross, layout_loops_ring
D:2:      layout_rooms, cheibriados_altar_1
D:3:      layout_basic
D:4:      minmay_inner_zag, layout_loops_ring, overflow_temple_1_default,
          gammafunk_temple_overflow_claw, minmay_temple_entry_overgrown,
          roderic_batcave
D:5:      layout_loops_cross, old_standard_altar, serial_shops,
          nicolae_shop_crystal, bh_walls_and_bars, uniq_duvessa
Temple:   corrupted_temple

Skill      XL: |  1  2  3  4  5 |
---------------+----------------+-----
Dodging        | 3 4 |  4.0
Stealth        | 8 9 |  9.0
Spellcasting   | 1 2 |  2.3
Short Blades   | 3 |  3.7
Shields        | 1 |  1.1
Invocations    | 1 |  1.0
Fighting       | |  2.4
Throwing       | |  0.9

Action                   |  1- 3 |  4- 6 || total
-------------------------+-------+-------++-------
Melee: Short sword       |    23 |    64 ||    87
       Dagger            |       |   300 ||   300
       Spear             |       |     1 ||     1
Throw: Boomerang         |       |    42 ||    42
Invok: Bend Space        |       |     1 ||     1
  Use: Scroll            |       |     2 ||     2
 Stab: Sleeping          |     6 |    31 ||    37
       Distracted        |       |     1 ||     1
Armor: Robe              |     3 |    37 ||    40
Dodge: Dodged            |    14 |   280 ||   294

Table legend: (Time is in decaauts)
 A = Elapsed time spent in this place.
 B = Non-inter-level travel time spent in this place.
 C = Inter-level travel time spent in this place.
 D = Time resting spent in this place.
 E = Time spent auto-exploring this place.
 F = Levels seen in this place.
 G = Mean time per level.
                   A        B        C        D        E       F      G
               +--------+--------+--------+--------+--------+-----+--------+
         Total |   3590 |   3514 |     76 |   1363 |    378 |   6 |  598.3 |
       Dungeon |   3551 |   3475 |     76 |   1363 |    378 |   5 |  710.2 |
        Temple |     39 |     39 |      0 |      0 |      0 |   1 |   39.0 |
               +--------+--------+--------+--------+--------+-----+--------+

Top non-repeatable levels by time:
     D:1: 942 daAuts
     D:3: 929 daAuts
     D:2: 840 daAuts
     D:4: 528 daAuts
     D:5: 310 daAuts
  Temple: 39 daAuts
